[Event "Titled Tuesday Blitz March 07 Early 2023"]
[White "Liu, Yi"]
[Black "Jovic, Stanoje"]
[WhiteFideId "3210588"]
[BlackFideId "905020"]
[WhiteElo "2264"]
[BlackElo "2236"]
[Result "0-1"]
[Round "05"]
[TimeControl "180+2"]
[Date "2023.03.07"]
[WhiteClock "0:00:06"]
[BlackClock "0:00:27"]

1. e4 c6 2. d4 d5 3. e5 c5 4. dxc5 e6 5. Be3 Ne7 6. Bd3 Nd7 7. Nf3 Nc6 8. a3 Ndxe5 9. Nxe5 Nxe5 10. Bb5+ Bd7 11. Bxd7+ Nxd7 12. b4 a5 13. c3 Qf6 14. Qd4 Qxd4 15. Bxd4 e5 16. Be3 d4 17. Bd2 dxc3 18. Bxc3 axb4 19. Bxb4 Bxc5 20. Bxc5 Nxc5 21. O-O Ke7 22. Nc3 Rhd8 23. Rfe1 f6 24. f4 Nd3 25. Reb1 Nxf4 26. Rxb7+ Rd7 27. Rxd7+ Kxd7 28. a4 Rc8 29. Nb5 Rc2 30. a5 Rxg2+ 31. Kh1 Rb2 32. a6 Nd5 33. a7 Nb6 34. Nc3 Na8 35. Ra6 f5 36. Na4 Rb5 37. Nc3 Rc5 38. Na4 Rc6 39. Ra5 Kd6 40. Nb2 Rc1+ 41. Kg2 Rc2+ 42. Kg3 Rxb2 43. Ra6+ Rb6 44. Ra2 g5 45. h3 Rb3+ 46. Kg2 e4 47. Ra6+ Ke5 48. Ra5+ Kf4 49. Ra2 h5 50. Rf2+ Ke5 51. Rc2 h4 52. Rc8 Ra3 53. Rxa8 Kf4 54. Kg1 Ra2 55. Kf1 Kf3 56. Ke1 e3 57. Kd1 e2+ 58. Ke1 Ra1+ 59. Kd2 e1=Q+ 0-1


[Site "https://www.chess.com"]

[Event "Titled Tuesday Blitz March 07 Early 2023"]
[White "Sarkar, Justin"]
[Black "Hebden, Mark L"]
[WhiteFideId "2010011"]
[BlackFideId "400084"]
[WhiteElo "2189"]
[BlackElo "2436"]
[Result "0-1"]
[Round "05"]
[TimeControl "180+2"]
[Date "2023.03.07"]
[WhiteClock "0:00:01"]
[BlackClock "0:01:36"]

1. e4 e5 2. Nf3 Nc6 3. Bb5 a6 4. Ba4 Nf6 5. O-O Be7 6. Re1 b5 7. Bb3 O-O 8. c3 d5 9. exd5 Nxd5 10. Nxe5 Nxe5 11. Rxe5 c6 12. d4 Bd6 13. Re1 Qh4 14. g3 Qh3 15. Qe2 Bg4 16. Qf1 Qh5 17. Nd2 Rae8 18. f3 Bh3 19. Qf2 f5 20. Rxe8 Rxe8 21. Nf1 f4 22. Bxf4 Bxf4 23. gxf4 Kh8 24. Bxd5 Qxd5 25. Ng3 h6 26. b3 Qd6 27. Re1 Rf8 28. Re4 Rxf4 29. Qe3 Rxe4 30. fxe4 Qg6 31. e5 h5 32. c4 h4 0-1


[Site "https://www.chess.com"]

[Event "Titled Tuesday Blitz March 07 Early 2023"]
[White "Tarasova, Viktoriya"]
[Black "Rodriguez Fontecha, Marcos"]
[WhiteFideId "4175840"]
[BlackFideId "2256576"]
[WhiteElo "2182"]
[BlackElo "2263"]
[Result "0-1"]
[Round "05"]
[TimeControl "180+2"]
[Date "2023.03.07"]
[WhiteClock "0:00:03"]
[BlackClock "0:00:11"]

1. d4 f5 2. c4 Nf6 3. g3 g6 4. Bg2 Bg7 5. Nf3 d6 6. O-O O-O 7. Nc3 c6 8. b3 Qc7 9. Bb2 e5 10. dxe5 dxe5 11. e4 a5 12. Qe2 f4 13. h3 fxg3 14. fxg3 Nh5 15. Kh2 Na6 16. Na4 h6 17. Nh4 Rxf1 18. Rxf1 Kh7 19. Bc3 Be6 20. Nf3 Rd8 21. Qb2 Nb4 22. Nc5 Qe7 23. Nxe6 Qxe6 24. Qe2 c5 25. Rd1 Rd4 26. a3 Nc6 27. Re1 Qd6 28. Nh4 Rd3 29. Rc1 Nxg3 30. Qg4 h5 31. Qc8 Bh6 32. Rc2 Bf4 0-1


[Site "https://www.chess.com"]

[Event "Titled Tuesday Blitz March 07 Early 2023"]
[White "Rottenwohrer Suarez, Juan"]
[Black "Vlasak, Lukas"]
[WhiteFideId "32068182"]
[BlackFideId "324752"]
[WhiteElo "2174"]
[BlackElo "2345"]
[Result "0-1"]
[Round "05"]
[TimeControl "180+2"]
[Date "2023.03.07"]
[WhiteClock "0:00:01"]
[BlackClock "0:00:03"]

1. Nf3 Nf6 2. g3 g6 3. Bg2 Bg7 4. O-O O-O 5. c4 d6 6. d4 Nc6 7. Nc3 a6 8. Re1 Rb8 9. Rb1 b5 10. cxb5 axb5 11. b4 d5 12. Ne5 Na7 13. a4 e6 14. axb5 Bd7 15. Nxd7 Qxd7 16. Bf4 Nh5 17. Be5 Bxe5 18. dxe5 Nxb5 19. Nxb5 Rxb5 20. Qd4 Rfb8 21. Rec1 Qe7 22. Bf3 Ng7 23. g4 Rxb4 24. Rxb4 Rxb4 25. Qa7 Ne8 26. Rc6 Rb1+ 27. Kg2 Kf8 28. h3 Qb4 29. Kg3 Qb2 30. Qe3 Kg7 31. Qf4 Qb5 32. Rc2 Rb4 33. Qe3 d4 34. Qg5 h6 35. Qe7 Qxe5+ 36. Kg2 Rb8 37. Rc6 Qf6 38. Qd7 Rd8 39. Rxe6 Rxd7 40. Rxf6 Nxf6 0-1


[Site "https://www.chess.com"]

[Event "Titled Tuesday Blitz March 07 Early 2023"]
[White "Vifleemskaia, Svetlana"]
[Black "Fiedorek, Michal"]
[WhiteFideId "4129490"]
[BlackFideId "1199528"]
[WhiteElo "1930"]
[BlackElo "2135"]
[Result "0-1"]
[Round "05"]
[TimeControl "180+2"]
[Date "2023.03.07"]
[WhiteClock "0:00:27"]
[BlackClock "0:01:09"]

1. d4 Nf6 2. c4 e6 3. Nc3 Bb4 4. e3 b6 5. Ne2 Bb7 6. a3 Bxc3+ 7. Nxc3 d5 8. Bd3 dxc4 9. Bxc4 Bxg2 10. Rg1 Bb7 11. Rxg7 Kf8 12. Rg1 Qd6 13. f4 Nbd7 14. d5 exd5 15. Bd3 Re8 16. Kf2 d4 17. Bf5 dxc3 18. Qxd6+ cxd6 19. Rd1 Ne4+ 20. Bxe4 Bxe4 21. Rxd6 Ke7 22. Rd4 f5 23. bxc3 Rhg8 24. a4 Nc5 25. Ba3 Rg2+ 26. Kf1 Reg8 27. Re1 Rg1+ 28. Ke2 R8g2+ 0-1


[Site "https://www.chess.com"]

[Event "Titled Tuesday Blitz March 07 Early 2023"]
[White "Seletsky, Grigory"]
[Black "Mazurkiewicz, Michal"]
[WhiteFideId "14112191"]
[BlackFideId "1124943"]
[WhiteElo "2490"]
[BlackElo "2054"]
[Result "1-0"]
[Round "05"]
[TimeControl "180+2"]
[Date "2023.03.07"]
[WhiteClock "0:01:21"]
[BlackClock "0:00:03"]

1. e4 d6 2. d4 Nf6 3. f3 e5 4. d5 c6 5. c4 cxd5 6. cxd5 Be7 7. Nc3 O-O 8. Be3 Nh5 9. Qd2 a6 10. O-O-O b5 11. Kb1 f5 12. Bd3 f4 13. Bf2 Nd7 14. g4 Nhf6 15. h4 Nb6 16. Rc1 Bd7 17. h5 Rc8 18. b3 h6 19. Nge2 Nh7 20. Rhe1 Ng5 21. Ng1 Rb8 22. Ka1 Qe8 23. Nb1 Bd8 24. Rc2 a5 25. Rec1 b4 26. Qe2 a4 27. Nd2 Ra8 28. Kb1 Ra5 29. Nc4 Nxc4 30. Bxc4 axb3 31. axb3 Bc7 32. Ra2 Qa8 33. Rcc2 Rb8 34. Rxa5 Qxa5 35. Ra2 Bb6 36. Rxa5 Bxa5 37. Qa2 Ra8 38. Bb6 Bxb6 39. Qxa8+ Kh7 40. Qb7 Bxg1 41. Qxd7 Nxf3 42. Qf5+ Kh8 43. Bb5 Nd4 44. Qc8+ Kh7 45. Be8 1-0


[Site "https://www.chess.com"]

[Event "Titled Tuesday Blitz March 07 Early 2023"]
[White "Bogaudinov, Rushan"]
[Black "Heinemann, Josefine"]
[WhiteFideId "4129288"]
[BlackFideId "12900460"]
[WhiteElo "1949"]
[BlackElo "2342"]
[Result "1-0"]
[Round "05"]
[TimeControl "180+2"]
[Date "2023.03.07"]
[WhiteClock "0:00:26"]
[BlackClock "0:00:02"]

1. a3 g6 2. d4 Nf6 3. Nf3 Bg7 4. c4 O-O 5. e3 d6 6. Nc3 Nbd7 7. Be2 e5 8. O-O Re8 9. b4 c6 10. Bb2 e4 11. Nd2 Nf8 12. d5 cxd5 13. cxd5 Nxd5 14. Ndxe4 Nxc3 15. Nxc3 d5 16. Na4 Bxb2 17. Nxb2 Bf5 18. Rc1 Rc8 19. Qd4 b6 20. Ba6 Rxc1 21. Rxc1 Ne6 22. Qd2 d4 23. Nc4 dxe3 24. Qxd8 Rxd8 25. Nxe3 Bd3 26. Bb7 Kg7 27. Rd1 Bb5 28. Rxd8 Nxd8 29. Bd5 h5 30. f3 Kf6 31. Kf2 Ke5 32. Ke1 Kd4 33. Kd2 Bc6 34. Bb3 a5 35. Nc2+ Ke5 36. Ke3 Bd5 37. Ba4 Ne6 38. g3 g5 39. Ne1 axb4 40. Nd3+ Kd6 41. axb4 f6 42. h4 gxh4 43. gxh4 Nc7 44. Nf4 Bf7 45. Kd4 Ne6+ 46. Nxe6 Bxe6 47. Be8 Bd5 48. Ke3 Ke5 49. Bxh5 f5 50. f4+ Kf6 51. Kd4 Be4 52. Kc4 Bc6 53. Kd4 Be4 54. Be2 Bc6 55. Bd3 Bf3 56. Bc4 Bc6 57. Bd5 Bb5 58. Bf3 1-0


[Site "https://www.chess.com"]

[Event "Titled Tuesday Blitz March 07 Early 2023"]
[White "Zacurdajev, Dmitry"]
[Black "Ciuffoletti, Paolo"]
[WhiteFideId "4196309"]
[BlackFideId "807630"]
[WhiteElo "2179"]
[BlackElo "2143"]
[Result "1-0"]
[Round "05"]
[TimeControl "180+2"]
[Date "2023.03.07"]
[WhiteClock "0:00:19"]
[BlackClock "0:00:04"]

1. d4 d5 2. c4 c6 3. Nc3 Nf6 4. Nf3 dxc4 5. a4 e6 6. e3 c5 7. Bxc4 Nc6 8. d5 exd5 9. Nxd5 Be6 10. Nxf6+ Qxf6 11. Bxe6 Qxe6 12. O-O Be7 13. Bd2 O-O 14. Bc3 Rfd8 15. Qc2 Rac8 16. Rfd1 h6 17. h3 Nb4 18. Bxb4 cxb4 19. Rxd8+ Bxd8 20. Qd2 a5 21. Nd4 Qc4 22. Nf5 Bf6 23. Nd6 Qc2 24. Qd5 Rc7 25. Qxa5 Rd7 26. Nxb7 Qxb2 27. Rf1 Qc3 28. Nc5 Rd8 29. Ne4 Qc4 30. Nxf6+ gxf6 31. Qxd8+ 1-0


[Site "https://www.chess.com"]

[Event "Titled Tuesday Blitz March 07 Early 2023"]
[White "Dinu, Dumitru-Daniel"]
[Black "Galchenko, Matvey"]
[WhiteFideId "1208403"]
[BlackFideId "24175480"]
[WhiteElo "2240"]
[BlackElo "2404"]
[Result "0-1"]
[Round "05"]
[TimeControl "180+2"]
[Date "2023.03.07"]
[WhiteClock "0:00:03"]
[BlackClock "0:01:37"]

1. e4 e6 2. d4 d5 3. exd5 exd5 4. Nf3 Nf6 5. Bd3 c5 6. O-O c4 7. Re1+ Be7 8. Bf1 O-O 9. b3 cxb3 10. axb3 Nc6 11. Ba3 Bxa3 12. Rxa3 Bf5 13. Bd3 Bxd3 14. Qxd3 Rc8 15. c3 Re8 16. Rxe8+ Qxe8 17. Nbd2 Ne4 18. Ra1 f5 19. Re1 Qd7 20. h3 Qd6 21. Qe3 Ne7 22. Nxe4 dxe4 23. Ne5 Nd5 24. Qg5 Qf6 25. Qxf6 gxf6 26. Nc4 Rc6 27. Ne3 Nxc3 28. Nxf5 Kf7 29. g4 Ke6 30. Kg2 Rc7 31. f3 Kd5 32. fxe4+ Nxe4 33. Ne3+ Kxd4 34. Nf5+ Kd5 35. Ne3+ Kc6 36. Nf5 Nc5 37. Nd4+ Kd5 38. Rd1 Ke4 39. Nb5 Rg7 40. b4 Ne6 41. Nxa7 Nf4+ 42. Kg3 Ne2+ 43. Kf2 Nc3 44. Nc8 Nxd1+ 45. Ke1 Ne3 46. Nd6+ Kf3 47. Kd2 Rd7 0-1


[Site "https://www.chess.com"]

[Event "Titled Tuesday Blitz March 07 Early 2023"]
[White "Orozbaev, Eldiar"]
[Black "Ruge, Edison"]
[WhiteFideId "13802240"]
[BlackFideId "4401000"]
[WhiteElo "2201"]
[BlackElo "2175"]
[Result "1-0"]
[Round "05"]
[TimeControl "180+2"]
[Date "2023.03.07"]
[WhiteClock "0:00:17"]
[BlackClock "0:00:04"]

1. e4 e5 2. Nf3 Nc6 3. d4 exd4 4. c3 d3 5. Bxd3 Be7 6. O-O d6 7. Qc2 Nf6 8. Bf4 O-O 9. Nbd2 Bg4 10. Rad1 Nd7 11. h3 Bh5 12. Rfe1 Nde5 13. Be2 Bg6 14. Nxe5 dxe5 15. Nf3 exf4 16. Rxd8 Raxd8 17. Bb5 Nb8 18. Ne5 c6 19. Nxg6 hxg6 20. Bc4 b5 21. Bb3 Nd7 22. e5 Nc5 23. e6 f5 24. a4 Nxb3 25. Qxb3 a6 26. axb5 axb5 27. c4 b4 28. Qa4 c5 29. Qa7 Rfe8 30. b3 Rd3 31. Re5 Kh7 32. Rd5 Rxb3 33. Qd7 Rb1+ 34. Kh2 Bh4 35. g3 fxg3+ 36. fxg3 Rb2+ 37. Kg1 Re7 38. gxh4 Rb1+ 39. Kf2 Rb2+ 40. Ke1 Rb1+ 41. Kd2 Rxd7 42. exd7 b3 43. d8=Q b2 44. Kc2 1-0


[Site "https://www.chess.com"]

[Event "Titled Tuesday Blitz March 07 Early 2023"]
[White "Zampronha, Wladimir Camilo"]
[Black "Lewtak, Damian"]
[WhiteFideId "2103087"]
[BlackFideId "1141724"]
[WhiteElo "2176"]
[BlackElo "2302"]
[Result "1/2-1/2"]
[Round "05"]
[TimeControl "180+2"]
[Date "2023.03.07"]
[WhiteClock "0:00:19"]
[BlackClock "0:00:09"]

1. e4 c5 2. Nf3 d6 3. d4 cxd4 4. Nxd4 Nf6 5. Nc3 Nc6 6. Bg5 e6 7. Qd2 a6 8. O-O-O Bd7 9. f4 b5 10. Bxf6 gxf6 11. Nf3 Qc7 12. Kb1 h5 13. Bd3 Be7 14. g3 b4 15. Ne2 a5 16. Rhe1 a4 17. Nc1 Rb8 18. f5 e5 19. Bc4 Na5 20. Bd5 Nc4 21. Bxc4 Qxc4 22. Qd5 Qc7 23. Nd2 Bc6 24. Qd3 Bb5 25. Qd5 Bf8 26. Nd3 Bh6 27. Nxb4 Kf8 28. a3 Kg7 29. Nf1 Rhd8 30. Ne3 Qb6 31. Nc4 Qc7 32. Nxd6 Qe7 33. Qc5 Rdc8 34. Qd5 Rd8 35. Qc5 Rdc8 36. Qd5 Rd8 1/2-1/2


[Site "https://www.chess.com"]

[Event "Titled Tuesday Blitz March 07 Early 2023"]
[White "Orujov, Elshad"]
[Black "Bews, Steven"]
[WhiteFideId "13403540"]
[BlackFideId "2400529"]
[WhiteElo "2342"]
[BlackElo "2583"]
[Result "0-1"]
[Round "05"]
[TimeControl "180+2"]
[Date "2023.03.07"]
[WhiteClock "0:00:03"]
[BlackClock "0:00:31"]

1. e4 e5 2. Nf3 Nc6 3. Bb5 a6 4. Ba4 Nf6 5. O-O Bc5 6. Re1 O-O 7. c3 b5 8. Bb3 d5 9. exd5 Nxd5 10. Nxe5 Nxe5 11. Rxe5 Bxf2+ 12. Kh1 c6 13. Qf3 Bh4 14. d4 Bf6 15. Re1 Be6 16. Nd2 Qd7 17. Ne4 Be7 18. h3 h6 19. Bd2 Rae8 20. Rf1 f5 21. Nc5 Bxc5 22. dxc5 Nf6 23. Bxe6+ Qxe6 24. Qxf5 Qxf5 25. Rxf5 Re2 26. Bf4 Rxb2 27. a4 Nd5 28. Rxf8+ Kxf8 29. Bd6+ Kg8 30. axb5 axb5 31. Ra6 Nxc3 32. Rxc6 b4 33. Rc8+ Kh7 34. Be5 Re2 35. Bd4 Nb5 36. Bg1 Nc3 37. c6 Rc2 38. Rb8 Ne2 39. Rxb4 Rc1 40. c7 Rxg1+ 41. Kh2 Rc1 42. Re4 Rxc7 43. Rxe2 Kg6 44. Rf2 Rc3 45. Rf3 Rxf3 46. gxf3 Kf5 47. Kg2 Kf4 48. Kf2 g5 49. Kg2 h5 50. Kf2 h4 51. Kg2 Ke3 52. Kh2 Kxf3 53. Kh1 Kg3 54. Kg1 Kxh3 0-1


[Site "https://www.chess.com"]

[Event "Titled Tuesday Blitz March 07 Early 2023"]
[White "Pinheiro, Iung Alicio de O."]
[Black "Lauridsen, Jesper Morch"]
[WhiteFideId "2104350"]
[BlackFideId "1401890"]
[WhiteElo "2283"]
[BlackElo "2293"]
[Result "1-0"]
[Round "05"]
[TimeControl "180+2"]
[Date "2023.03.07"]
[WhiteClock "0:00:14"]
[BlackClock "0:00:13"]

1. c4 e5 2. g3 Nf6 3. Bg2 c6 4. d4 exd4 5. Qxd4 d5 6. Nf3 Be7 7. cxd5 cxd5 8. O-O Nc6 9. Qa4 O-O 10. Nc3 Be6 11. Be3 Bb4 12. Rac1 a6 13. Nd4 b5 14. Nxc6 bxa4 15. Nxd8 Raxd8 16. Nxa4 d4 17. Bg5 Bxa2 18. Nc5 Bxc5 19. Rxc5 d3 20. exd3 Rxd3 21. Ra1 Be6 22. b4 Nd5 23. Bf1 Rc3 24. Rxc3 Nxc3 25. Rxa6 Rb8 26. Bf4 Rc8 27. b5 h6 28. b6 Bd5 29. Ra7 Nb5 30. Bxb5 1-0


[Site "https://www.chess.com"]

[Event "Titled Tuesday Blitz March 07 Early 2023"]
[White "Clawitter, Craig"]
[Black "Risteski, Emil"]
[WhiteFideId "2023105"]
[BlackFideId "15005267"]
[WhiteElo "2292"]
[BlackElo "2251"]
[Result "0-1"]
[Round "05"]
[TimeControl "180+2"]
[Date "2023.03.07"]
[WhiteClock "0:00:01"]
[BlackClock "0:00:19"]

1. e4 d6 2. d4 Nf6 3. Nc3 e5 4. Nf3 Nbd7 5. Be3 c6 6. a4 Be7 7. h3 O-O 8. g4 exd4 9. Nxd4 Nc5 10. Bg2 h6 11. O-O Re8 12. b4 Ne6 13. Nf5 Bf8 14. b5 Qc7 15. Qd2 Nc5 16. Ng3 Be6 17. f4 Bc4 18. g5 Bxf1 19. gxf6 Bxg2 20. Qxg2 Kh7 21. Bd4 g6 22. f5 Nd7 23. Rf1 Ne5 24. fxg6+ fxg6 25. h4 Qf7 26. h5 g5 27. Nf5 Rad8 28. Ne3 Re6 29. Bxe5 Rxe5 30. Qg4 Rde8 31. Nf5 d5 32. exd5 cxd5 0-1


[Site "https://www.chess.com"]

[Event "Titled Tuesday Blitz March 07 Early 2023"]
[White "Migot, Tangi"]
[Black "Alhadad, Mahmoud"]
[WhiteFideId "662445"]
[BlackFideId "11501863"]
[WhiteElo "2524"]
[BlackElo "1955"]
[Result "1-0"]
[Round "05"]
[TimeControl "180+2"]
[Date "2023.03.07"]
[WhiteClock "0:00:13"]
[BlackClock "0:00:01"]

1. d4 d5 2. c4 Nc6 3. Nf3 Bg4 4. e3 e6 5. Qb3 Bb4+ 6. Bd2 Bxd2+ 7. Nbxd2 Nge7 8. Rc1 O-O 9. Be2 Na5 10. Qa4 Nxc4 11. Bxc4 dxc4 12. Qxc4 c6 13. Ne5 Bh5 14. O-O Qd5 15. Qb4 Rfe8 16. Nb3 f6 17. Nd3 b6 18. Nf4 Qf5 19. Nxh5 Qxh5 20. a4 Rac8 21. a5 Nd5 22. Qd2 Qf7 23. e4 Ne7 24. Qb4 Qg6 25. f3 bxa5 26. Nxa5 f5 27. Rfe1 fxe4 28. Rxe4 Nd5 29. Qe1 Qg5 30. h4 Qh6 31. Rxc6 Rxc6 32. Nxc6 Nf4 33. Ne5 Rc8 34. Re3 Nd5 35. Rd3 Rc1 36. Rd1 Rxd1 37. Qxd1 Qe3+ 38. Kh1 Nf4 39. Ng4 Ne2 40. Nxe3 Ng3+ 41. Kh2 1-0


[Site "https://www.chess.com"]

[Event "Titled Tuesday Blitz March 07 Early 2023"]
[White "Wilson, Elvin"]
[Black "Bilan, Danila"]
[WhiteFideId "2014874"]
[BlackFideId "24161918"]
[WhiteElo "2283"]
[BlackElo "2182"]
[Result "0-1"]
[Round "05"]
[TimeControl "180+2"]
[Date "2023.03.07"]
[WhiteClock "0:00:01"]
[BlackClock "0:00:06"]

1. c4 c6 2. g3 d5 3. Nf3 Nf6 4. Bg2 Bf5 5. d4 e6 6. Nc3 Nbd7 7. Qb3 Qb6 8. c5 Qa6 9. Bf1 b5 10. a4 bxa4 11. Rxa4 Qc8 12. Qa3 Be7 13. Rxa7 Rxa7 14. Qxa7 O-O 15. e3 Ne4 16. Nxe4 Bxe4 17. Be2 e5 18. O-O exd4 19. exd4 Nf6 20. Ne5 Re8 21. f3 Bf5 22. b4 Nd7 23. Ba6 Qb8 24. Nxc6 Qxa7 25. Nxa7 Ra8 26. Bb7 Rxa7 27. Bxd5 Nf6 28. Bb3 Be6 29. Bxe6 fxe6 30. b5 Nd5 31. b6 Rb7 32. f4 Bf6 33. Rd1 Kf7 34. Kf1 Ne7 35. Ke2 Nd5 36. Kd3 Bd8 37. Bd2 Bxb6 38. Rb1 g6 39. Kc4 Rb8 40. cxb6 Rxb6 41. Ra1 Rc6+ 42. Kd3 Rc7 43. Ra6 Rd7 44. Ke4 Nf6+ 45. Kf3 Nd5 46. Ke4 Rb7 47. Kd3 Rb4 48. Ra7+ Kf6 49. Rxh7 Rb3+ 50. Kc2 Ra3 51. h4 Ra2+ 52. Kd3 Ra3+ 53. Ke2 Rxg3 54. Rb7 Kf5 55. Rf7+ Ke4 56. Rf8 Rg2+ 57. Kf1 Kf3 58. Re8 Rxd2 0-1


[Site "https://www.chess.com"]

[Event "Titled Tuesday Blitz March 07 Early 2023"]
[White "Gontcharov, Vladislav"]
[Black "Abrosimov, Vladimir"]
[WhiteFideId "4123492"]
[BlackFideId "4166892"]
[WhiteElo "2470"]
[BlackElo "2336"]
[Result "1-0"]
[Round "05"]
[TimeControl "180+2"]
[Date "2023.03.07"]
[WhiteClock "0:01:26"]
[BlackClock "0:00:03"]

1. d4 Nf6 2. c4 g6 3. Nc3 Bg7 4. Nf3 d6 5. Bg5 Nbd7 6. e3 O-O 7. Be2 h6 8. Bh4 e5 9. dxe5 dxe5 10. Qc2 c6 11. O-O g5 12. Bg3 Nh5 13. Nd2 Nxg3 14. hxg3 Nc5 15. g4 Be6 16. Nde4 Nxe4 17. Nxe4 f5 18. gxf5 Bxf5 19. Bd3 Bxe4 20. Bxe4 Qe7 21. Rab1 Rfd8 22. b4 Rd6 23. c5 Rd7 24. Qe2 Rad8 25. Qg4 Qf6 26. a4 Kh8 27. b5 Bf8 28. Rfc1 Rd2 29. Qf3 Qxf3 30. gxf3 cxb5 31. axb5 Rc8 32. c6 bxc6 33. bxc6 Kg7 34. Rb7+ Kf6 35. Rxa7 Rd6 36. Kg2 Rd2 37. Kg3 h5 38. Rb1 h4+ 39. Kg2 Bc5 40. Rh7 Bxe3 41. Rbb7 Rxf2+ 42. Kh3 Rf8 43. Rh6# 1-0


[Site "https://www.chess.com"]

[Event "Titled Tuesday Blitz March 07 Early 2023"]
[White "Erzhanov, Arman"]
[Black "laurynaszaveckis"]
[WhiteFideId "4138821"]
[WhiteElo "2138"]
[BlackElo "2280"]
[Result "1-0"]
[Round "05"]
[TimeControl "180+2"]
[Date "2023.03.07"]
[WhiteClock "0:00:36"]
[BlackClock "0:00:43"]

1. e4 d6 2. g3 g6 3. Bg2 Bg7 4. Ne2 Nf6 5. O-O O-O 6. h3 e5 7. f4 Nc6 8. c4 Re8 9. d3 Nh5 10. f5 Nd4 11. Nbc3 c6 12. g4 Nf6 13. g5 Nh5 14. f6 Bf8 15. Nxd4 exd4 16. Ne2 d5 17. cxd5 cxd5 18. exd5 b6 19. Nf4 Nxf4 20. Bxf4 Bb7 21. Qf3 Rc8 22. Rac1 Qd7 23. h4 Red8 24. Bh3 Rxc1 25. Bxd7 Rxf1+ 26. Qxf1 Rxd7 27. d6 Bxd6 28. Qh3 Rd8 29. Bxd6 Rxd6 30. Qg3 Rc6 31. Qb8+ Bc8 32. Qxa7 Rc1+ 33. Kf2 Rc2+ 34. Kg3 Rxb2 35. Qc7 1-0


[Site "https://www.chess.com"]

[Event "Titled Tuesday Blitz March 07 Early 2023"]
[White "Zaksaite, Salomeja"]
[Black "Ljukin, Sergei"]
[WhiteFideId "12801496"]
[BlackFideId "14102200"]
[WhiteElo "2059"]
[BlackElo "2312"]
[Result "1/2-1/2"]
[Round "05"]
[TimeControl "180+2"]
[Date "2023.03.07"]
[WhiteClock "0:00:07"]
[BlackClock "0:00:04"]

1. d4 d5 2. Nc3 Nf6 3. Bf4 e6 4. Nb5 Na6 5. e3 Be7 6. h3 O-O 7. Nf3 Bd7 8. a4 c6 9. Na3 c5 10. Bxa6 Qa5+ 11. c3 Qxa6 12. Nc2 b5 13. a5 b4 14. Ne5 Bb5 15. f3 Nh5 16. Kf2 Nxf4 17. exf4 f6 18. Ng4 Rac8 19. Qd2 Bd3 20. Rhc1 Bg6 21. cxb4 cxd4 22. Nxd4 h5 23. Ne3 Qd6 24. b5 Bf7 25. Nc6 Rfe8 26. f5 Rc7 27. fxe6 Bxe6 28. Nxe7+ Rcxe7 29. Re1 Bxh3 30. Rac1 Be6 31. Qd4 Rd7 32. b6 axb6 33. axb6 Rb8 34. b4 Rxb6 35. Rc8+ Kh7 36. Qd3+ f5 37. Nxf5 Bxf5 38. Qxf5+ Qg6 39. Qxg6+ Kxg6 40. Rb1 d4 41. Rc2 d3 42. Rd2 Rd4 43. Ke3 Rdxb4 44. Rxb4 Rxb4 45. Rxd3 Rb2 46. Rd2 Rb3+ 47. Kf2 Rb4 48. Rc2 Kg5 49. Rd2 g6 50. Rc2 h4 51. Rd2 Rb1 52. Rc2 Ra1 53. Rd2 Rb1 54. Rd5+ Kh6 55. Rd4 Kh5 56. Rd5+ Kh6 57. Rd4 Kh5 58. Rd5+ Kh6 1/2-1/2


[Site "https://www.chess.com"]

[Event "Titled Tuesday Blitz March 07 Early 2023"]
[White "Zaichenko, Daria"]
[Black "Vargas Rodriguez, Wilver"]
[WhiteFideId "4197453"]
[BlackFideId "3509672"]
[WhiteElo "2039"]
[BlackElo "2238"]
[Result "1-0"]
[Round "05"]
[TimeControl "180+2"]
[Date "2023.03.07"]
[WhiteClock "0:00:47"]
[BlackClock "0:00:01"]

1. e4 c5 2. Nf3 d6 3. d4 cxd4 4. Nxd4 Nf6 5. Nc3 a6 6. Be3 Ng4 7. Bg5 h6 8. Bc1 Nc6 9. Be2 h5 10. h3 Nf6 11. O-O e5 12. Nb3 b5 13. Be3 Be6 14. Nd5 Bxd5 15. exd5 Ne7 16. c4 bxc4 17. Bxc4 Nf5 18. Bg5 Be7 19. Qd3 g6 20. Bd2 Qb6 21. Na5 Nd4 22. b4 O-O 23. Be3 Qxb4 24. Bxd4 Qxa5 25. Be3 Rfc8 26. Rab1 Qa4 27. Bb3 Qb5 28. Qd2 Bd8 29. Bh6 Ne4 30. Qe3 Nc3 31. Rb2 Qc5 32. Qf3 e4 33. Qg3 Nxd5 34. Rc1 1-0


[Site "https://www.chess.com"]

[Event "Titled Tuesday Blitz March 07 Early 2023"]
[White "De Souza, Cristiano Gomes"]
[Black "Mouhamad, Joachim"]
[WhiteFideId "2151758"]
[BlackFideId "656410"]
[WhiteElo "2068"]
[BlackElo "2164"]
[Result "1-0"]
[Round "05"]
[TimeControl "180+2"]
[Date "2023.03.07"]
[WhiteClock "0:01:04"]
[BlackClock "0:00:55"]

1. d4 d5 2. c4 e6 3. Nf3 a6 4. Nc3 dxc4 5. a4 Nc6 6. e3 Na5 7. Nd2 Nf6 8. Nxc4 Nxc4 9. Bxc4 b6 10. Be2 Bb7 11. Bf3 Bxf3 12. Qxf3 Nd5 13. Bd2 Be7 14. Nxd5 Qxd5 15. Qxd5 exd5 16. Rc1 Kd7 17. Ke2 c5 18. dxc5 bxc5 19. Rhd1 Ke6 20. Bc3 Rab8 21. Rc2 Rb3 22. Rcd2 Rd8 23. Bxg7 f6 24. Bh6 Rb4 25. Ra1 Bd6 26. g3 Be5 27. Ra2 Rdb8 28. f4 Bxb2 29. f5+ Kxf5 30. Rxd5+ Kg6 31. Bf4 Rc8 32. Bd6 Be5 33. Bxc5 Rc4 34. Bd4 Rc2+ 35. Rxc2 Rxc2+ 36. Kd3 Rxh2 37. Bxe5 fxe5 38. Rxe5 Rg2 39. Ra5 Rxg3 40. Rxa6+ Kg5 41. Ra8 h5 42. a5 h4 43. Rg8+ Kf6 44. Rxg3 hxg3 45. Ke2 Ke5 46. a6 1-0


[Site "https://www.chess.com"]

[Event "Titled Tuesday Blitz March 07 Early 2023"]
[White "Chakravarthi Reddy, M"]
[Black "Avazkhonov, Alikhon"]
[WhiteFideId "25009532"]
[BlackFideId "14208504"]
[WhiteElo "2201"]
[BlackElo "1739"]
[Result "0-1"]
[Round "05"]
[TimeControl "180+2"]
[Date "2023.03.07"]
[WhiteClock "0:00:01"]
[BlackClock "0:00:08"]

1. c4 e5 2. Nc3 d6 3. d4 exd4 4. Qxd4 Nc6 5. Qe3+ Be7 6. Nf3 Nf6 7. a3 O-O 8. Qd3 Re8 9. Bg5 h6 10. h4 Be6 11. e3 Na5 12. Nd2 Nd7 13. Bf4 Ne5 14. Bxe5 dxe5 15. Qc2 Qd7 16. Be2 Rad8 17. O-O-O Bf5 18. e4 Be6 19. Nf3 Qc8 20. Nd5 Bc5 21. b4 c6 22. Nc3 Bxb4 23. axb4 Nxc4 24. Bxc4 Bxc4 25. Rxd8 Qxd8 26. Rd1 Qb6 27. Qb2 a5 28. Nxe5 Rxe5 29. Nd5 cxd5 30. Qxe5 Qxb4 31. Qb2 Qxb2+ 32. Kxb2 dxe4 33. Rd4 Bd3 34. f3 f5 35. h5 b5 36. g4 exf3 37. Rxd3 fxg4 38. Re3 f2 39. Re5 f1=Q 0-1


[Site "https://www.chess.com"]

[Event "Titled Tuesday Blitz March 07 Early 2023"]
[White "Pino Perez, Lazaro"]
[Black "Thiel, Thomas"]
[WhiteFideId "3517055"]
[BlackFideId "4615964"]
[WhiteElo "2170"]
[BlackElo "2249"]
[Result "1-0"]
[Round "05"]
[TimeControl "180+2"]
[Date "2023.03.07"]
[WhiteClock "0:00:10"]
[BlackClock "0:00:41"]

1. d4 Nf6 2. Bf4 d5 3. e3 c5 4. Nf3 Nc6 5. Nbd2 cxd4 6. exd4 Bf5 7. c3 h6 8. Qb3 Qb6 9. Qxb6 axb6 10. Bb5 Nd7 11. h4 e6 12. O-O Be7 13. Rfe1 O-O 14. g3 Rfc8 15. a4 Nf8 16. Nf1 Na7 17. Be2 Bc2 18. Ne3 Bb3 19. Nd2 Bc4 20. Ndxc4 dxc4 21. Nxc4 Bd8 22. h5 Nd7 23. Nd6 Rc7 24. Bf3 Nc6 25. d5 exd5 26. Re8+ Kh7 27. Nxf7 1-0


[Site "https://www.chess.com"]